cohdb
Replays
Latest Replays
All Replays
Popular Replays
Top Player Replays
Match Explorer
How It Works
Community
CoH3 Stats
Reddit
Sign in to upload your games and track your stats! →
Sign in with Steam
Match 45277694
Unlisted
Match 45277694
Overview
Messages
Build Orders
End
250 Light Carrier
Panzergrenadier Squad
Panzergrenadier Squad
Construct Light Support Kompanie
Selects Battlefield Espionage Battlegroup
Selects Battlefield Espionage Battlegroup
Selects Intel Disruption Beacon
Panzergrenadier Squad
Construct Mechanized Kompanie
Support Armor Elements
2.5-tonne Medical Truck
le.IG 18 Mechanized Group
Veteran Squad Leaders
Selects 250/3 Funkpanzerwagen
StuG III D Assault Gun
StuG III D Assault Gun
Selects Advanced Ambush Training
Vehicle Survival Package
Marder III Tank Destroyer
Emergency Repair Kits
Pak 38 Mechanized Group
Selects Operation Skorpion
Selects Plunder
TheMilkMan
Glorious Purpose
.45 Parabellum i0N
MoriMusic
Greyshot117
Tazkoodenec47 [MTRQ]
gicobiwolfe
D-Gaming Nation (MTRQA)
0
0
Comments
sign in to comment!
No comments posted yet!